 Dungeon Crawl Stone Soup version 0.26-a0-117-g2bcdb00447 (webtiles) character file.

Game seed: 5739351968967855801

1766 deyja the Poker (level 8, 0/93 HPs)
             Began as a Demonspawn Fighter on June 28, 2020.
             Slain by a hornet zombie (3 damage)
             ... on level 6 of the Dungeon.
             The game lasted 00:21:47 (5535 turns).

deyja the Poker (Demonspawn Fighter)                Turns: 5535, Time: 00:21:49

Health: 0/93       AC: 24    Str: 18    XL:     8   Next: 80%
Magic:  8/8        EV:  2    Int: 11    God:
Gold:   229        SH: 11    Dex: 18    Spells: 7/7 levels left

rFire    . . .     SeeInvis .   a - +0 trident
rCold    . . .     Faith    .   c - +1 kite shield
rNeg     + + +     Spirit   .   (armour currently unavailable)
rPois    +         Reflect  .   (helmet currently unavailable)
rElec    .         Harm     .   (cloak currently unavailable)
rCorr    .         NoTele   +   (gloves currently unavailable)
MR       .....                  (boots currently unavailable)
Stlth    ++........             (no amulet)
HPRegen  0.25/turn              m - +6 ring of dexterity
MPRegen  0.11/turn              (no ring)

@: lethally poisoned (0 -> 0), tree-form
A: repulsion field 1, demonic guardian 1, freezing cloud immunity
a: no special abilities


You were on level 6 of the Dungeon.
You were not hungry.
You were a tree.
You visited 1 branch of the dungeon, and saw 6 of its levels.

You collected 229 gold pieces.

Inventory:

Hand Weapons
 a - a +0 trident (weapon)
 l - a +1 short sword of draining
 n - a +2 whip of flaming
 B - a +1 dagger of venom
Armour
 b - a +0 scale mail (melded)
 c - a +1 kite shield (worn)
 t - a +0 pair of gloves (melded)
Jewellery
 m - a +6 ring of dexterity (left branch)
Wands
 v - a wand of random effects (23)
Scrolls
 g - 2 scrolls of fog
 h - 4 scrolls of teleportation
 i - 3 scrolls of remove curse
 k - a scroll of enchant weapon {unknown}
 s - a scroll of immolation {unknown}
 u - a scroll of enchant armour
 x - a scroll of identify {unknown}
 y - a scroll of random uselessness {unknown}
Potions
 d - a potion of might
 e - a potion of lignification
 j - a potion of invisibility {unknown}
 o - 3 potions of stabbing {unknown}
 p - 3 potions of brilliance {unknown}
 q - 2 potions of heal wounds {unknown}
 r - 3 potions of curing {unknown}
 w - a potion of haste {unknown}
 z - 2 potions of degeneration {unknown}
 A - a potion of cancellation {unknown}
Comestibles
 f - 8 rations


   Skills:
 + Level 5.2 Fighting
 + Level 6.8 Polearms
 + Level 5.5 Armour
 - Level 0.9 Dodging
 + Level 1.3 Stealth
 + Level 5.3 Shields


You had 7 spell levels left.
You didn't know any spells.
Your spell library contained the following spells:

 Spells                   Type           Power        Failure   Level  Hunger
 Corona                   Hex            #......      77%         1    ##.....
 Ensorcelled Hibernation  Hex/Ice        #.....       88%         2    ###....
 Confusing Touch          Hex            #.......     98%         3    ####...
 Dazzling Flash           Conj/Hex       #.....       98%         3    ####...
 Gell's Gravitas          Tloc           #.........   98%         3    ####...
 Tukima's Dance           Hex            #.......     98%         3    ####...
 Petrify                  Tmut/Erth      #.......     100%        4    #####..
 Metabolic Englaciation   Hex/Ice        #.........   100%        5    ######.
 Yara's Violent Unravell  Hex/Tmut       #.........   100%        5    ######.


Dungeon Overview and Level Annotations

Branches:
Dungeon (6/15)
 Temple: D:4-7

Altars:
Fedhas
Gozag
The Shining One

Annotations:
D:2 Robin


Innate Abilities, Weirdness & Mutations

((You have sharp toenails.))
You are surrounded by a mild repulsion field. (EV +2)
((Your flesh is cold resistant. (rC+)))
A weak demonic guardian rushes to your aid.
You are immune to freezing clouds.


Message History

The adder bites you but does no damage. You block the hornet zombie's attack.
The orc wizard closely misses you.
Unknown command.
You hit the orc wizard but do no damage.
The orc wizard is lightly wounded.
The adder bites you but does no damage. You block the orc wizard's attack.
The hornet zombie hits you.
* * * LOW HITPOINT WARNING * * *
The orc priest miscasts a cantrip.
The hippogriff barely misses you. x2; The hippogriff claws you.
* * * LOW HITPOINT WARNING * * *
You block the adder's attack.
There are monsters nearby!
It was a potion of lignification.
You turn into a tree.
Your +0 pair of gloves melds into your body.
Your +0 scale mail melds into your body.
Your roots penetrate the ground.
You feel sick.
The orc wizard looks satisfied for a moment.
The hornet zombie hits you.
You die...

o. ##. . ####..
.. ....o# ### ..
###.... ..#.#
....... Z.(.#
.....oo####H...#
....oooSJS♣oo..#
....ZWoha##Z....#
.....##Fh# ....##
...# #oo# ..$.#
.. #... ......
.... ####....##..
.. ..### . ..
#...# #<
#####.....


You could see a hippogriff, a phantom, an orc warrior, a bullfrog, a jelly, a
worker ant, 3 orc priests, 2 orc wizards, 2 adders, 2 orcs, 2 hornet zombies, a
jackal and a quokka skeleton.

Vanquished Creatures
  A two-headed ogre (D:5)
  Pikel (D:4)
  2 sky beasts (D:5)
  A phantom (D:5)
  A centaur (D:5)
  A scorpion (D:5)
  A crimson imp (D:6)
  A jelly (D:5)
  A centaur skeleton (D:5)
  An orc priest (D:5)
  5 orc wizards
  A bullfrog skeleton (D:6)
  A worker ant (D:4)
  A hound skeleton (D:5)
  A gnoll (D:3)
  5 adders
  2 oozes (D:4)
  2 worms (D:3)
  2 dart slugs
  7 leopard geckos
  19 orcs
  2 giant cockroaches
  7 goblins
  5 hobgoblins
  4 jackals (D:2)
  2 quokkas (D:3)
  A ball python (D:3)
  10 bats
  4 frilled lizards
  8 kobolds
  A leopard gecko zombie (D:5)
  6 rats
107 creatures vanquished.

Vanquished Creatures (collateral kills)
  An ogre (D:4)
  2 adders (D:2)
  2 orcs
  2 goblins (D:2)
  2 hobgoblins (D:2)
  2 jackals (D:6)
11 creatures vanquished.

Grand Total: 118 creatures vanquished

Notes
Turn   | Place    | Note
-------+----------+-------------------------------------------
     0 | D:1      | deyja the Demonspawn Fighter began the quest for the Orb.
     0 | D:1      | Reached XP level 1. HP: 18/18 MP: 1/1
   350 | D:1      | Reached skill level 2 in Polearms
   360 | D:1      | Gained mutation: A weak demonic guardian rushes to your
                  | aid. [demonic ancestry]
   360 | D:1      | Reached XP level 2. HP: 23/24 MP: 2/2
   805 | D:2      | Found a glowing golden altar of the Shining One.
   941 | D:2      | Reached XP level 3. HP: 20/29 MP: 3/3
  1345 | D:2      | Noticed Robin
  1597 | D:3      | Gained mutation: Your flesh is cold resistant. (rC+)
                  | [demonic ancestry]
  1597 | D:3      | Reached XP level 4. HP: 34/35 MP: 4/4
  1915 | D:3      | Found an opulent altar of Gozag.
  2295 | D:3      | Reached skill level 3 in Polearms
  2295 | D:3      | Reached XP level 5. HP: 41/41 MP: 5/5
  2881 | D:5      | Entered Level 5 of the Dungeon
  3038 | D:4      | Noticed a slave
  3039 | D:4      | Noticed a slave
  3040 | D:4      | Noticed Pikel
  3040 | D:4      | Noticed a slave
  3048 | D:4      | Noticed a slave
  3066 | D:4      | Killed Pikel
  3066 | D:4      | Reached skill level 4 in Polearms
  3066 | D:4      | Gained mutation: You are immune to freezing clouds.
                  | [demonic ancestry]
  3066 | D:4      | Reached XP level 6. HP: 16/48 MP: 6/6
  3358 | D:4      | Gained mutation: You have sharp toenails. [demonic
                  | ancestry]
  3358 | D:4      | Reached XP level 7. HP: 44/54 MP: 7/7
  3465 | D:4      | Found a blossoming altar of Fedhas.
  3957 | D:5      | Reached skill level 5 in Polearms
  4550 | D:5      | Gained mutation: You are surrounded by a mild repulsion
                  | field. (EV +2) [demonic ancestry]
  4550 | D:5      | Reached XP level 8. HP: 40/61 MP: 8/8
  4748 | D:5      | Noticed a two-headed ogre
  4761 | D:5      | Killed a two-headed ogre
  4761 | D:5      | Reached skill level 5 in Fighting
  4761 | D:5      | Reached skill level 6 in Polearms
  4761 | D:5      | Reached skill level 5 in Armour
  4761 | D:5      | Reached skill level 1 in Stealth
  4761 | D:5      | Reached skill level 5 in Shields
  5528 | D:6      | Noticed a hippogriff
  5534 | D:6      | HP: 3/62 [hornet zombie (5)]
  5535 | D:6      | Slain by a hornet zombie

Illustrated notes

Levels and vault maps discovered:
D:1:      eino_arrival_tree_alley, layout_loops_ring
D:2:      layout_basic, tso_oasis_becter, uniq_natasha, uniq_robin
D:3:      minmay_skewed_foursquare, layout_basic, grunt_gozag_breadcrumbs
D:4:      layout_basic, first_ration, grunt_decor_one_mirror,
          grunt_ministairs_8, chequers_avenue, fedhas_ov_isle_minmay, uniq_pikel
D:5:      layout_loops_ring
D:6:      layout_cave_pools, minmay_temple_entry_proselytizer

Skill      XL: |  1  2  3  4  5  6  7  8 |
---------------+-------------------------+-----
Polearms       | 2 3 4 5 6 |  6.8
Armour         | 3 4 5 |  5.5
Shields        | 3 4 5 |  5.3
Fighting       | 4 5 |  5.2
Stealth        | 1 |  1.3
Dodging        | |  0.9

Action                   |  1- 3 |  4- 6 |  7- 9 || total
-------------------------+-------+-------+-------++-------
Melee: Trident           |   152 |   158 |   156 ||   466
       Kick              |       |       |    72 ||    72
  Use: Scroll            |       |     4 |       ||     4
       Potion            |       |       |     1 ||     1
 Stab: Distracted        |       |       |     1 ||     1
  Eat: Chunk             |     2 |     5 |     5 ||    12
       Ration            |       |       |     1 ||     1
Armor: Scale mail        |    63 |    54 |    61 ||   178
Dodge: Dodged            |    48 |    51 |    47 ||   146
Block: Kite shield       |    74 |    77 |   113 ||   264

Table legend:
 A = Non-vault XP
 B = Vault XP
 C = Vault XP percentage of total XP
 D = Non-vault monster count
 E = Vault monster count
 F = Vault count percentage of total count
                 A         B        C        D         E       F
            +---------+---------+-------+---------+---------+-------
      Total |    2016 |     508 |  20.1 |     104 |      14 |  11.9
            +---------+---------+-------+---------+---------+-------
        D:1 |      19 |       0 |   0.0 |      10 |       0 |   0.0
        D:2 |      60 |      10 |  14.3 |      21 |       7 |  25.0
        D:3 |     123 |      20 |  14.0 |      36 |       4 |  10.0
        D:4 |     160 |     478 |  74.9 |       8 |       3 |  27.3
        D:5 |    1525 |       0 |   0.0 |      22 |       0 |   0.0
        D:6 |     129 |       0 |   0.0 |       7 |       0 |   0.0
            +---------+---------+-------+---------+---------+-------
